 Dungeon Crawl Stone Soup version 0.27-a0-1513-g2aaa0cc67b (webtiles) character file.

Game seed: 13349479687634279981

77864 freelancePsychic the Spry (level 15, -8/78 HPs)
             Began as a Felid Berserker on July 8, 2021.
             Was a High Priest of Trog.
             Killed by the raging water
             ... invoked by a water nymph
              (25 damage)
             ... on level 4 of the Shoals on July 9, 2021.
             The game lasted 02:20:42 (44300 turns).

freelancePsychic the Spry (Felid Berserker)        Turns: 44300, Time: 02:20:42

Health: -8/78      AC:  3    Str: 13    XL:     15   Next: 16%
Magic:  16/16      EV: 37    Int: 10    God:    Trog [*****.]
Gold:   2906       SH:  0    Dex: 21    Spells: 14/14 levels left
                                        Lives:  0   Deaths: 5

rFire    + . .     SeeInvis +     - Unarmed
rCold    + . .     Faith    .   (shield unavailable)
rNeg     + . .     Spirit   .   (armour unavailable)
rPois    +         Reflect  .   (helmet unavailable)
rElec    .         Harm     .   (cloak unavailable)
rCorr    .         Rampage  .   (gloves unavailable)
Will     ++...                  (boots unavailable)
Stlth    +++.......             H - amulet "Jiegatoi" {rF+ rN+ Regen+}
HPRegen  1.23/turn              K - ring of poison resistance
MPRegen  0.15/turn              E - +4 ring of slaying

@: about to teleport, very slow
A: very small, claws 1, fangs 3, see invisible, speed 1, shaggy fur 3, stealthy
paws, no weapons or thrown items, no armour, multi-lived
a: Renounce Religion, Berserk, Trog's Hand, Brothers in Arms


You were on level 4 of the Shoals.
You worshipped Trog.
Trog was extremely pleased with you.
You visited 5 branches of the dungeon, and saw 29 of its levels.
You also visited: Sewer and Ice Cave.

You collected 3631 gold pieces.
You spent 725 gold pieces at shops.

Inventory:

Jewellery
 a - a ring of willpower
 c - a ring of protection from cold
 k - a ring of protection from cold
 z - a +6 ring of strength
 E - a +4 ring of slaying (right paw)
 F - a ring of flight
 H - the amulet "Jiegatoi" (around neck) {rF+ rN+ Regen+}
   (You took it off a yaktaur on level 13 of the Dungeon)

   [amulet of regeneration]

   rF:        It protects you from fire.
   rN:        It protects you from negative energy.
   Regen:     It increases your rate of health regeneration.
 J - an amulet of the acrobat
 K - a ring of poison resistance (left paw)
Wands
 g - a wand of digging (6)
 j - a wand of polymorph (11)
 y - a wand of charming (1)
 C - a wand of acid (11)
 I - a wand of mindburst (27)
 M - a wand of iceblast (10)
Scrolls
 b - 2 scrolls of enchant weapon {unknown}
 d - a scroll of blinking
 h - 9 scrolls of teleportation {@r4}
 m - 4 scrolls of identify {@r1}
 n - 2 scrolls of fog
 o - a scroll of holy word
 q - 2 scrolls of vulnerability
 t - 3 scrolls of magic mapping
 A - a scroll of silence
Potions
 e - 6 potions of lignification
 f - 2 potions of magic
 i - 3 potions of flight
 l - 5 potions of mutation
 p - a potion of invisibility
 r - a potion of ambrosia
 s - a potion of haste {@q3}
 u - 3 potions of berserk rage
 x - 7 potions of attraction
 D - 4 potions of might
 G - 2 potions of resistance
Miscellaneous
 w - a lightning rod (4/4)
 N - a phantom mirror (inert)


   Skills:
 - Level 16.3 Fighting
 + Level 20.6 Dodging
 - Level 14.9 Stealth
 + Level 17.7 Unarmed Combat
 + Level 10.2 Evocations


You had 14 spell levels left.
You didn't know any spells.
Your spell library was empty.

Dungeon Overview and Level Annotations

Branches:
Dungeon (13/15)            Temple (0/1) D:7            Lair (6/6) D:10
 Shoals (4/4) Lair:3       Spider (4/4) Lair:4        Slime (0/5) Lair:5
    Orc (2/2) D:10            Elf (0/3) Orc:2        Vaults (0/5) D:13
  Sewer (visited)           IceCv (visited)

Altars:
Cheibriados
Dithmenos
Elyvilon
Gozag
Qazlal
Ru
Trog
Uskayaw
Vehumet
Wu Jian
Xom
Zin
The Shining One
Beogh
Lugonu

Shops:
D:7 (   D:13 *   Orc:2 *([=*[   Shoals:2 !

Annotations:
D:2 exclusion: 3 orcs, Sigmund
D:5 2 runed translucent doors
D:7 Harold
D:10 exclusion: 2 doors
D:12 exclusion: downstairs
D:13 3 runed translucent doors, Hubris850's ghost, journeyman DjFE
Lair:3 exclusion: downstairs
Lair:6 exclusion: oklob plant
Shoals:3 Polyphemus
Spider:3 Nikola


Innate Abilities, Weirdness & Mutations

You have sharp claws.
You have razor-sharp teeth.
You have supernaturally acute eyesight. (SInv)
You cover ground quickly. (Speed+)
Your thick and shaggy fur keeps you warm. (AC +3, rC+)
Your paws help you pounce on unaware monsters.
You are incapable of wielding weapons or throwing items.
You cannot wear armour.
You gain extra lives every three experience levels.


Message History

You claw the water nymph! You bite the water nymph.
The water nymph is almost dead.
Your two-headed ogre hits the water elemental with a +0 giant club.
Your two-headed ogre barely misses the water elemental.
Your deep troll bites the merfolk aquamancer!!!
Your deep troll closely misses the merfolk aquamancer. x2
The merfolk aquamancer casts a spell at you.
The shard of ice misses you.
The water elemental hits your two-headed ogre.
The water nymph completely misses you. The merfolk completely misses you.
As you read the scroll of teleportation {@r4}, it crumbles to dust.
You feel strangely unstable.
Your deep troll bites the merfolk aquamancer.
Your deep troll claws the merfolk aquamancer!
Your deep troll claws the merfolk aquamancer!!
The merfolk aquamancer dies!
Trog accepts your kill.
Trog appreciates your killing of a magic user.
You hear a splash. x2
Your two-headed ogre barely misses the water elemental.
Your two-headed ogre hits the water elemental with a +0 giant club!
The water elemental is destroyed!
Trog accepts your kill. The water elemental closely misses you.
The water nymph points at you and mumbles some strange words.
The water swirls and strikes you!!
* * * LOW HITPOINT WARNING * * *
Your deep troll bites the water elemental.
Your deep troll barely misses the water elemental.
Your deep troll claws the water elemental!!
The merfolk completely misses you.
The water elemental hits your deep troll.
The water elemental engulfs your deep troll in water!
The water elemental barely misses your two-headed ogre.
Your deep troll bites the water elemental.
Your deep troll claws the water elemental but does no damage.
Your deep troll barely misses the water elemental.
The water nymph gestures at you while chanting.
The water swirls and strikes you!!
You die...

≈≈≈≈≈≈≈≈≈≈≈≈.≈≈≈≈≈
≈≈≈≈≈≈≈≈≈≈≈≈≈≈≈≈≈≈..≈≈
≈≈≈≈≈≈≈≈≈≈≈≈≈≈≈≈≈≈≈.....
≈≈≈≈≈≈≈≈≈≈≈≈≈≈≈≈≈≈≈.....≈
≈≈≈≈≈≈≈≈≈≈≈≈≈≈≈≈≈≈≈≈...≈≈
≈≈≈≈≈≈≈≈≈≈)≈≈≈≈≈≈≈≈....≈.
≈≈≈≈≈≈m≈E≈T≈≈≈≈≈≈........
≈≈≈≈≈≈≈≈OE.....≈.........
≈≈≈≈≈≈≈≈(@≈####..........
≈≈≈≈≈≈≈m#### #..........
≈≈≈≈≈.≈#.≈≈≈#
###...?..... ≈≈≈≈≈.#
≈≈!≈≈≈≈#.......... ≈≈≈≈≈.
#m#m#≈###......... ≈≈≈≈≈
Z≈ mt #≈........ ≈≈≈≈.


m#m t###≈........ ≈≈≈≈ EkS .#≈≈........ ≈≈≈≈ ##m≈.##......... You could see a
merfolk (ally target), 2 water elementals, a water nymph, a friendly two-headed
ogre (summoned, berserk) and a friendly deep troll (summoned, berserk,
asphyxiating).

Vanquished Creatures
  Bai Suzhen (Shoals:3)
  3 ghost moths
  An emperor scorpion (Spider:4)
  Nessos (D:12)
  A white draconian (IceCv)
  An entropy weaver (Spider:4)
  2 spark wasps (Spider:4)
  A dire elephant (Lair:6)
  A merfolk impaler (Shoals:4)
  An ettin (Orc:2)
  A spectral kraken (Shoals:2)
  A yaktaur captain (D:13)
  7 boulder beetles
  10 hydras
  A ghost crab (Shoals:2)
  Fannar (D:12)
  4 ogre magi (Orc:2)
  3 catoblepae (Lair:6)
  A merfolk avatar (Shoals:2)
  5 centaur warriors (D:13)
  18 two-headed ogres
  A tengu warrior (D:13)
  Erica (Lair:2)
  A satyr (Shoals:2)
  7 death yaks (Lair:6)
  An alligator (Lair:6)
  Urug (D:12)
  Sonja (Lair:1)
  3 skeletal warriors (D:12)
  A sea snake (Shoals:3)
  4 harpies
  A wolf spider zombie (Spider:4)
  An orc knight (Orc:2)
  15 orb spiders
  30 wolf spiders
  A deep elf pyromancer (D:12)
  2 ugly things
  2 orc sorcerers (Orc:1)
  6 cyclopes
  A faun (Shoals:2)
  8 manticores
  A manticore (shapeshifter) (D:13)
  6 elephants
  2 moths of wrath
  A gargoyle (D:11)
  2 ice statues (IceCv)
  3 black mambas
  A guardian serpent (Lair:6)
  2 merfolk sirens
  3 torpor snails
  Maggie (Lair:2)
  An efreet (D:13)
  An unseen horror (D:12)
  A redback zombie (Spider:4)
  13 cane toads
  4 rime drakes (IceCv)
  3 spectral redbacks
  2 yaktaurs (D:13)
  8 demonic crawlers
  11 komodo dragons
  A spectral harpy (Shoals:2)
  3 merfolk
  A meliai (D:13)
  32 jumping spiders
  3 polar bears
  6 hornets
  3 trolls
  A jumping spider zombie (Spider:4)
  A wind drake (Shoals:3)
  10 dream sheep
  15 slime creatures
  A spectral tarantella (Spider:4)
  17 blink frogs
  A tarantella zombie (Spider:4)
  3 snapping turtles
  35 redbacks
  A centaur simulacrum (D:13)
  10 wyverns
  A vampire (D:13)
  30 tarantellas
  49 yaks
  2 water elementals
  Eustachio (D:6)
  5 basilisks
  Grum (Lair:1)
  A steam dragon (D:8)
  3 vampire mosquitoes (D:13)
  3 wargs
  A swamp worm (D:8)
  An acid dragon (D:12)
  A spectral snapping turtle (Shoals:2)
  17 water moccasins
  14 orc warriors
  2 ice beasts
  Purgy (Sewer)
  A sky beast (D:8)
  2 black bears
  20 ogres
  A hornet zombie (D:8)
  A necrophage (D:5)
  10 wolves
  11 centaurs
  2 kobold brigands
  Blork the orc (D:6)
  A wyvern zombie (D:8)
  12 bullfrogs
  A scorpion (D:4)
  2 wyvern skeletons
  3 water moccasin skeletons (D:5)
  A water moccasin zombie (D:6)
  6 killer bees
  2 lindwurm simulacra (IceCv)
  An electric eel (Spider:1)
  A vampire bat (Lair:1)
  4 wights (D:7)
  2 howler monkeys (D:13)
  A bullfrog zombie (D:7)
  5 centaur zombies
  6 jellies
  7 komodo dragon simulacra (IceCv)
  7 orc priests
  A centaur skeleton (D:7)
  2 hounds
  2 iguanas
  11 orc wizards
  A hell rat (Lair:1)
  A hound zombie (D:5)
  A howler monkey zombie (D:7)
  4 gnolls
  A howler monkey skeleton (D:5)
  4 acid dragon simulacra (IceCv)
  4 adders
  A shadow imp (D:7)
  8 steam dragon simulacra (IceCv)
  3 worms
  2 dart slugs (D:1)
  56 orcs
  10 ball pythons
  5 endoplasms
  3 giant cockroaches
  4 goblins
  5 hobgoblins
  3 jackals (D:1)
  12 kobolds
  4 quokkas
  12 bats
  4 frilled lizards (Sewer)
  8 rats
  A tentacle (Shoals:2)
780 creatures vanquished.

Vanquished Creatures (collateral kills)
  Arachne (Spider:3)
  An emperor scorpion (Spider:4)
  2 spark wasps (Spider:4)
  A boulder beetle (Lair:6)
  A ghost crab (Shoals:2)
  2 hydras
  2 death knights (D:13)
  A merfolk aquamancer (Shoals:4)
  An orc high priest (Orc:2)
  A sea snake (Shoals:2)
  2 orb spiders
  A spectral wolf spider (Spider:4)
  A wolf spider zombie (Spider:4)
  A wolf spider (Spider:2)
  A manticore (D:12)
  A spectral sea snake (Shoals:2)
  A spectral redback (Spider:4)
  A demonic crawler (Spider:2)
  A troll (Orc:2)
  3 jumping spiders
  A hornet (Spider:4)
  6 blink frogs
  A dream sheep (Lair:4)
  6 redbacks
  A spectral wind drake (Shoals:2)
  4 tarantellas (Spider:4)
  3 water elementals
  A yak (Lair:5)
  A warg (Orc:2)
  A water moccasin (Lair:1)
  An orc warrior (Orc:2)
  A hornet zombie (Spider:4)
  An orc priest (Orc:2)
  7 orcs (Orc:2)
61 creatures vanquished.

Vanquished Creatures (others)
  Asterion (Spider:2)
  An ugly thing (D:13)
  A kobold demonologist (D:13)
  A jumping spider (Spider:2)
  A tarantella (Spider:2)
  An ogre (Orc:2)
  A bush (Lair:6)
  62 fungi
  95 plants
  6 tentacles
  3 withered plants (Shoals:2)
173 creatures vanquished.

Grand Total: 1014 creatures vanquished

Notes
Turn   | Place    | Note
-------+----------+-------------------------------------------
     0 | D:1      | freelancePsychic the Felid Berserker began the quest for
                  | the Orb.
     0 | D:1      | Reached XP level 1. HP: 10/10 MP: 2/2
   336 | D:1      | Reached skill level 1 in Stealth
   336 | D:1      | Reached XP level 2. HP: 13/14 MP: 3/3
   361 | D:1      | Found a faded altar of an unknown god.
   963 | D:1      | Reached XP level 3. HP: 17/17 MP: 4/4
  1142 | D:2      | Noticed Sigmund
  1222 | D:2      | Reached ** piety under Trog
  1785 | D:3      | Found a glowing drain.
  1839 | Sewer    | Entered a sewer
  2025 | Sewer    | Noticed Purgy
  2034 | Sewer    | Killed Purgy
  2035 | Sewer    | Reached skill level 5 in Dodging
  2035 | Sewer    | Reached XP level 4. HP: 22/22 MP: 5/5
  2035 | Sewer    | Reached XP level 5. HP: 25/25 MP: 6/6
  2365 | D:3      | Found a glowing silver altar of Zin.
  2365 | D:3      | Found a shimmering altar of Xom.
  2366 | D:3      | Noticed an angel
  3124 | D:4      | Gained mutation: You are covered in thick fur. (AC +2)
                  | [Felid growth]
  3124 | D:4      | Reached XP level 6. HP: 28/28 MP: 7/7
  3174 | D:4      | Found a shadowy altar of Dithmenos.
  3174 | D:4      | Found a white marble altar of Elyvilon.
  3430 | D:4      | Reached skill level 6 in Dodging
  3611 | D:4      | You fall into a shaft and drop 1 floor!
  3611 | D:5      | Entered Level 5 of the Dungeon
  3650 | D:5      | Noticed a two-headed ogre
  3782 | D:6      | Noticed an ice beast
  3797 | D:6      | Killed an ice beast
  3798 | D:6      | Reached skill level 5 in Stealth
  3798 | D:6      | Reached XP level 7. HP: 33/33 MP: 8/8
  3898 | D:6      | Noticed Blork the orc
  3905 | D:6      | Killed Blork the orc
  3906 | D:6      | Reached skill level 5 in Fighting
  3906 | D:6      | Reached skill level 5 in Unarmed Combat
  3969 | D:6      | Reached *** piety under Trog
  4008 | D:6      | Noticed Eustachio
  4021 | D:6      | Killed Eustachio
  4069 | D:6      | Reached skill level 7 in Dodging
  4259 | D:6      | Reached XP level 8. HP: 37/37 MP: 9/9
  4664 | D:4      | Found a glowing golden altar of the Shining One.
  5511 | D:6      | Found a stormy altar of Qazlal.
  5645 | D:6      | Found an ornate altar of the Wu Jian Council.
  5783 | D:6      | Found a hide-covered altar of Uskayaw.
  5930 | D:7      | Noticed a death knight
  5930 | D:7      | Noticed a freezing wraith
  5930 | D:7      | Noticed a phantasmal warrior
  6461 | D:7      | Reached skill level 8 in Dodging
  6930 | D:7      | Noticed Harold
  7535 | D:5      | Found a large runed translucent door.
  7535 | D:5      | Found a large runed translucent door.
  7539 | D:5      | Found a corrupted altar of Lugonu.
  7552 | D:5      | Identified the +6 rapier "Kiga" {distort, *Slow rF+ rN+
                  | Str+4}
  7588 | D:5      | Reached XP level 9. HP: 42/42 MP: 10/10
  7915 | D:7      | Noticed a freezing wraith
  8477 | D:7      | Found a staircase to the Ecumenical Temple.
  8713 | D:7      | Found Guifoen's Antique Weapon Boutique.
  8747 | D:7      | Reached skill level 9 in Dodging
  9098 | D:7      | Reached **** piety under Trog
  9906 | D:8      | Reached skill level 1 in Evocations
 10219 | D:8      | Found a snail-covered altar of Cheibriados.
 10227 | D:8      | Found a sacrificial altar of Ru.
 10248 | D:8      | Identified the +10 dagger "Juli" {drain, rN++}
 10442 | D:8      | HP: 1/64 [swamp worm (18)]
 10443 | D:8      | Mangled by a swamp worm
 10444 | D:8      | Reached XP level 8. HP: -9/60 MP: 9/9
 10838 | D:9      | Noticed a green ugly thing
 10846 | D:9      | Killed a purple ugly thing
 10847 | D:9      | Reached skill level 10 in Dodging
 10847 | D:9      | Reached XP level 9. HP: 44/44 MP: 10/10
 11481 | D:9      | Noticed a troll
 11524 | D:9      | Killed a troll
 11728 | D:10     | Entered Level 10 of the Dungeon
 11732 | D:10     | Found a staircase to the Lair.
 12211 | D:10     | Reached XP level 10. HP: 49/49 MP: 11/11
 12583 | D:10     | Reached skill level 11 in Dodging
 12623 | D:10     | Noticed a two-headed ogre
 12626 | D:10     | Killed a two-headed ogre
 12627 | D:10     | Reached skill level 5 in Evocations
 13135 | D:10     | Noticed a two-headed ogre
 13148 | D:10     | Killed a two-headed ogre
 13373 | D:10     | Found a staircase to the Orcish Mines.
 13613 | D:10     | Found a bloodstained altar of Trog.
 14055 | D:10     | Found the +4 skin of Zhor {*Englaciate rC+++ SInv}
 14070 | Lair:1   | Entered Level 1 of the Lair of Beasts
 14086 | Lair:1   | Noticed a five-headed hydra
 14090 | Lair:1   | Reached skill level 12 in Dodging
 14118 | Lair:1   | Killed a five-headed hydra
 14119 | Lair:1   | Reached XP level 11. HP: 31/53 MP: 12/12
 14693 | Lair:1   | Noticed Sonja
 14700 | Lair:1   | Killed Sonja
 14701 | Lair:1   | Reached skill level 10 in Fighting
 14701 | Lair:1   | Reached skill level 10 in Unarmed Combat
 15971 | Lair:1   | Noticed Grum
 16018 | Lair:1   | Killed Grum
 16019 | Lair:1   | Reached skill level 13 in Dodging
 16409 | Lair:2   | Noticed Erica
 16563 | Lair:2   | Noticed Maggie
 16566 | Lair:2   | Killed Maggie
 17658 | Lair:2   | Gained mutation: Your thick and shaggy fur keeps you warm.
                  | (AC +3, rC+) [Felid growth]
 17658 | Lair:2   | Reached XP level 12. HP: 60/60 MP: 13/13
 18096 | Lair:2   | Killed Erica
 18168 | Lair:3   | Reached skill level 14 in Dodging
 18369 | Lair:3   | Noticed a six-headed hydra
 18642 | Lair:3   | Noticed an eight-headed hydra
 18654 | Lair:3   | Killed an eight-headed hydra
 18979 | Lair:3   | Found a staircase to the Shoals.
 19060 | Lair:3   | Killed a six-headed hydra
 19584 | Lair:3   | Noticed a seven-headed hydra
 20055 | Lair:4   | Found a hole to the Spider Nest.
 20366 | Lair:4   | Reached skill level 10 in Stealth
 20372 | Lair:4   | Noticed a four-headed hydra
 20392 | Lair:3   | Slain by a blink frog
 20393 | Lair:3   | Reached XP level 11. HP: -3/57 MP: 12/12
 20634 | Lair:4   | Reached skill level 15 in Dodging
 21054 | Lair:4   | Killed a four-headed hydra
 21316 | Lair:5   | Noticed a seven-headed hydra
 21320 | Lair:5   | Killed a seven-headed hydra
 21321 | Lair:5   | Reached XP level 12. HP: 61/61 MP: 13/13
 21462 | Lair:5   | Found a staircase to the Slime Pits.
 21600 | Lair:5   | Noticed a five-headed hydra
 21669 | Lair:5   | Killed a five-headed hydra
 22378 | Lair:6   | Entered Level 6 of the Lair of Beasts
 22386 | Lair:6   | Noticed an eight-headed hydra
 22411 | Lair:6   | Killed an eight-headed hydra
 22805 | Lair:6   | Identified a scroll of acquirement
 22806 | Lair:6   | Acquired a manual of Unarmed Combat
 22899 | Lair:6   | Noticed a seven-headed hydra
 22953 | Lair:5   | Killed a seven-headed hydra
 23286 | Lair:6   | Noticed an alligator
 23299 | Lair:6   | Killed an alligator
 24296 | Lair:6   | Reached skill level 16 in Dodging
 24529 | Lair:6   | Noticed a boulder beetle
 24532 | Lair:6   | Reached XP level 13. HP: 51/65 MP: 14/14
 25983 | Lair:6   | Noticed a dire elephant
 25984 | Lair:6   | Found the +3 pair of seven-league boots {Rampage+∞}
 25987 | Lair:6   | Killed a dire elephant
 27305 | D:12     | Found a frozen archway.
 27314 | IceCv    | Entered an ice cave
 27716 | IceCv    | Reached ***** piety under Trog
 28035 | IceCv    | Noticed a white draconian
 28059 | IceCv    | Killed a white draconian
 28067 | IceCv    | Reached skill level 17 in Dodging
 28675 | D:12     | Noticed Urug
 28693 | D:12     | Reached XP level 14. HP: 71/71 MP: 15/15
 28695 | D:12     | Noticed Fannar
 28697 | D:12     | Killed Urug
 28698 | D:12     | Identified the +9 glaive of Cuex {flame, *Slow rC+++ rCorr
                  | Int-3}
 28706 | D:12     | Killed Fannar
 28880 | D:12     | Reached skill level 15 in Unarmed Combat
 28976 | D:12     | Noticed Nessos
 28982 | D:12     | Killed Nessos
 30037 | D:13     | Found a gate to the Vaults.
 30058 | D:12     | Upgraded the game from 0.27-a0-1502-g47ed6a6988 to
                  | 0.27-a0-1513-g2aaa0cc67b
 30282 | D:13     | Found Ymeut's General Store.
 30716 | D:13     | Slain by a centaur warrior
 30717 | D:13     | Reached XP level 13. HP: 0/67 MP: 14/14
 30791 | D:13     | Identified the amulet "Jiegatoi" {rF+ rN+ Regen+}
 32079 | D:13     | Reached skill level 18 in Dodging
 32932 | D:13     | Reached XP level 14. HP: 34/72 MP: 15/15
 33166 | D:13     | Found a runed translucent gate.
 33166 | D:13     | Found a runed translucent gate.
 33166 | D:13     | Found a runed translucent gate.
 33167 | D:13     | Found an opulent altar of Gozag.
 33169 | D:13     | Noticed Hubris850's ghost (journeyman DjFE)
 33482 | D:13     | Slain by a boulder beetle
 33483 | D:13     | Reached XP level 13. HP: -1/68 MP: 14/14
 34176 | Orc:1    | Entered Level 1 of the Orcish Mines
 35299 | Orc:1    | Found a radiant altar of Vehumet.
 35454 | Orc:2    | Entered Level 2 of the Orcish Mines
 35513 | Orc:2    | Noticed an ettin
 35514 | Orc:2    | Found a staircase to the Elven Halls.
 35537 | Orc:2    | Killed an ettin
 36014 | Orc:2    | Found Somiys's Antique Weapon Emporium.
 36093 | Orc:2    | Found Irenas's Mayhem Merchandise.
 36106 | Orc:2    | Bought a wand of iceblast (12) for 224 gold pieces
 36106 | Orc:2    | Bought a wand of iceblast (5) for 126 gold pieces
 36106 | Orc:2    | Bought a wand of iceblast (7) for 154 gold pieces
 36422 | Orc:2    | Paralysed by an ogre mage for 5 turns
 36427 | Orc:2    | HP: 2/68 [ogre mage (12)]
 36690 | Orc:2    | Reached skill level 15 in Fighting
 36805 | Orc:2    | Found Feuranto's Armour Boutique.
 36805 | Orc:2    | Found Arhimymufa's Jewellery Emporium.
 36807 | Orc:2    | Found Raola's Assorted Antiques.
 36807 | Orc:2    | Found Nusagg's Armour Shop.
 36817 | Orc:2    | Reached XP level 14. HP: 56/73 MP: 15/15
 36979 | Orc:2    | Bought a potion of curing for 93 gold pieces
 37363 | Spider:1 | Entered Level 1 of the Spider Nest
 38373 | Spider:2 | Reached skill level 19 in Dodging
 38656 | Spider:2 | Noticed a ghost moth
 38664 | Spider:2 | Killed a ghost moth
 38682 | Spider:2 | Noticed Asterion
 38687 | Spider:2 | Noticed a cacodemon
 38689 | Spider:2 | Killed Asterion
 39661 | Spider:3 | Noticed Arachne
 39818 | Spider:3 | Noticed Nikola
 40287 | Spider:3 | Reached XP level 15. HP: 78/78 MP: 16/16
 40581 | Spider:3 | Killed Arachne
 40769 | Spider:4 | Entered Level 4 of the Spider Nest
 41090 | Spider:4 | Reached ****** piety under Trog
 41575 | Spider:4 | Reached skill level 20 in Dodging
 41842 | Spider:4 | Noticed a ghost moth
 42442 | Spider:4 | Killed a ghost moth
 42718 | Spider:4 | Noticed a ghost moth
 42729 | Spider:4 | Killed a ghost moth
 43113 | Spider:4 | HP: 5/117 [spectral wolf spider (7)]
 43509 | Shoals:1 | Entered Level 1 of the Shoals
 43609 | Shoals:2 | Found Woebau's Distillery.
 43619 | Shoals:2 | Bought a potion of invisibility for 128 gold pieces
 43831 | Shoals:2 | Reached XP level 16. HP: 82/82 MP: 17/17
 44008 | Shoals:3 | Noticed Polyphemus
 44066 | Shoals:3 | Noticed Bai Suzhen
 44097 | Shoals:3 | Killed Bai Suzhen
 44098 | Shoals:3 | Reached skill level 10 in Evocations
 44105 | Shoals:3 | Identified the +1 ring mail of Noon {-Cast rCorr Str+6
                  | Dex+2}
 44107 | Shoals:3 | HP: 6/123 [merfolk/boomerang (23)]
 44115 | Shoals:3 | HP: 3/82 [sea snake (5)]
 44115 | Shoals:3 | Demolished by a sea snake
 44116 | Shoals:3 | Reached XP level 15. HP: -17/78 MP: 16/16
 44204 | Shoals:4 | Entered Level 4 of the Shoals
 44300 | Shoals:4 | Killed from afar by a water nymph

Illustrated notes

Levels and vault maps discovered:
D:1:      psy_arrival_radial02, layout_rooms,
          hellmonk_ecumenical_altar_defaced_shrine
D:2:      layout_basic, uniq_crazy_yiuf_cottage, uniq_sigmund
D:3:      layout_basic, grunt_temple_overflow_order_and_chaos_1,
          gup_sewer_entry_bubbles
D:4:      layout_loops_ring, general_overflow_altar, jmf_multi_god_temple
D:5:      due_chaos_kobolds, layout_loops_ring, kennysheep_doodads
D:6:      layout_layer_cave, nicolae_qazlal_eye_of_the_storm, kennysheep_mini,
          nicolae_uskayaw_dance_hall, uniq_blork_the_orc, uniq_eustachio
D:7:      layout_basic, temple_fountains, serial_shops, shop, uniq_harold
D:8:      layout_cave_pools, mainiacjoe_overflow_catwalk_spiral,
          nicolae_overflow_hidden_temple, worms_lemuel
D:9:      layout_loops_ring, kennysheep_generic_room_16
D:10:     layout_basic, mainiacjoe_overflow_cross_hatched,
          minmay_lair_entry_grove, orc_0_dummy, grunt_decor_one_mirror,
          hellmonk_guarded_unrand_zhor
D:11:     layout_roguey, corexii_hall_statues_i
D:12:     layout_loops_corners, portal_ice_cave_entry_pillars_2, uniq_urug,
          uniq_fannar, uniq_nessos
D:13:     minmay_the_grid_plus_closed [minmay_the_grid_odd_star,
          minmay_the_grid_minigrid_small_alt, minmay_the_grid_medium_cups,
          minmay_the_grid_pillar_ring, minmay_the_grid_prize_big_room],
          layout_basic, david_vaults_2, serial_shops, nicolae_take_the_stairs,
          ebering_ghost_gozag, minmay_misc_feat_hallway
Lair:1:   layout_layer_cave, roderic_batcave, hangedman_lair_generics_rect,
          grunt_megastairs_3, uniq_sonja, uniq_grum
Lair:2:   layout_layer_cave, st_stairs_5, uniq_maggie, uniq_erica
Lair:3:   layout_roguey, minmay_shoals_entry_lonely_mermaid, grunt_megastairs_1,
          serial_bayou_shore_b, infiniplex_staircase_pool
Lair:4:   layout_misc_corridors, spider_nest_entry_webs, lemuel_fruit_fields,
          grunt_megastairs_5, lemuel_fruit_tree
Lair:5:   layout_roguey, minmay_slime_entry_pillars,
          chequers_serial_rivers_marsh, st_stairs_6
Lair:6:   evilmike_catoblepas_cave, layout_long_grid, fungi_pond_lemuel,
          hellmonk_guarded_unrand_seven_league_boots, minmay_lair_oklob_chamber,
          grunt_megastairs_2
Shoals:1: layout_shoals, serial_shops, nicolae_shop_window_shopping,
          nicolae_shoals_lost_giant_hut, yaktaur_hedge
Shoals:2: layout_shoals, serial_shops, shop, nicolae_shoals_spectral_cove
Shoals:3: layout_shoals, uniq_bai_suzhen, uniq_polyphemus
Shoals:4: shoals_end_grunt_ice, layout_shoals, serial_shops, shop,
          nicolae_shoals_aquamancer_cove
Spider:1: layout_spider_delve
Spider:2: layout_chambers, uniq_asterion
Spider:3: layout_chambers, uniq_arachne, uniq_nikola
Spider:4: floodkiller_spider_rune_tomb, drop_trap, nicolae_spider_jagged_tunnels
Orc:1:    layout_caves, basic_altar, nicolae_orc_stony_grotto
Orc:2:    st_orc_ogre_mass, layout_diamond_mine, serial_shops,
          nicolae_shop_temple_entry_statues_fountains, minmay_shop_mayhem

Skill      XL: |  1  2  3  4  5  6  7  8  9 10 11 12 13 14 15 16 |
---------------+-------------------------------------------------+-----
Stealth        | 1 3 4 5 6 8 9 10 12 14 | 14.9
Dodging        | 5 6 7 10 9 12 15 16 18 19 20 | 20.6
Fighting       | 4 5 6 8 9 12 15 14 16 | 16.3
Unarmed Combat | 4 5 6 8 9 12 13 17 15 | 17.7
Evocations     | 2 4 5 6 8 9 10 | 10.2

Action                   |  1- 3 |  4- 6 |  7- 9 | 10-12 | 13-15 | 16-18 || total
-------------------------+-------+-------+-------+-------+-------+-------++-------
Melee: Unarmed           |   103 |    62 |   295 |   610 |  1390 |    56 ||  2516
       Bite              |     3 |     4 |    28 |    60 |   180 |     6 ||   281
       Punch             |       |     3 |     8 |    39 |   118 |     4 ||   172
Invok: Berserk           |    10 |    10 |    41 |    44 |    69 |     1 ||   175
       Brothers in Arms  |       |       |       |    12 |    23 |     3 ||    38
       Trog's Hand       |       |       |       |       |     3 |       ||     3
Evoke: Wand              |       |       |     7 |    17 |    54 |     2 ||    80
       Lightning rod     |       |       |       |     7 |     4 |       ||    11
       Phantom mirror    |       |       |       |       |     1 |     1 ||     2
  Use: Scroll            |     2 |     2 |    15 |    16 |    13 |     5 ||    53
       Potion            |       |       |     2 |     2 |    17 |       ||    21
 Stab: Sleeping          |     3 |    13 |    12 |    27 |    59 |     1 ||   115
       Paralysed         |       |       |     2 |     3 |     2 |       ||     7
       Distracted        |       |       |     1 |     2 |    12 |     1 ||    16
       Invisible         |       |       |       |       |     6 |       ||     6
       Confused          |       |       |       |       |     2 |       ||     2
Armor: Skin              |     6 |       |    13 |    16 |   142 |     1 ||   178
Dodge: Dodged            |    74 |    20 |   218 |   501 |  1499 |    63 ||  2375

Table legend: (Time is in decaauts)
 A = Elapsed time spent in this place.
 B = Non-inter-level travel time spent in this place.
 C = Inter-level travel time spent in this place.
 D = Time resting spent in this place.
 E = Time spent auto-exploring this place.
 F = Levels seen in this place.
 G = Mean time per level.
                   A        B        C        D        E       F      G
               +--------+--------+--------+--------+--------+-----+--------+
         Total |  41206 |  39950 |   1256 |  17817 |  14091 |  31 | 1329.2 |
       Dungeon |  19379 |  18860 |    519 |   9091 |   6645 |  13 | 1490.7 |
          Lair |  11791 |  11293 |    498 |   5503 |   3630 |   6 | 1965.2 |
        Shoals |    699 |    699 |      0 |    227 |     84 |   4 |  174.8 |
   Spider Nest |   5435 |   5239 |    196 |   1317 |   2400 |   4 | 1358.8 |
  Orcish Mines |   2446 |   2405 |     41 |    883 |   1041 |   2 | 1223.0 |
         Sewer |    371 |    371 |      0 |    157 |     81 |   1 |  371.0 |
      Ice Cave |   1083 |   1083 |      0 |    637 |    206 |   1 | 1083.0 |
               +--------+--------+--------+--------+--------+-----+--------+

Top non-repeatable levels by time:
    D:13: 3783 daAuts
  Lair:6: 3125 daAuts
     D:6: 2236 daAuts
  Lair:1: 2171 daAuts
     D:9: 2147 daAuts
     D:7: 2077 daAuts
Spider:3: 1990 daAuts
  Lair:3: 1932 daAuts
  Lair:2: 1672 daAuts
  Lair:5: 1647 daAuts
    D:12: 1617 daAuts
Spider:4: 1552 daAuts
    D:10: 1503 daAuts
   Orc:2: 1273 daAuts
  Lair:4: 1242 daAuts
